Zazza, lawful female dwarven Valkyrie ------- |...... --------------------------------- |.....| |...............................| |...... |.----....-----.----|--..----- | ---.--- |.|..|---.|...|.-..|..|..|(((| # |.|..|..|.|._.-.|..|..|..|(((| ### |.-|-|..|.|...|.--------.|... # |....|..|.|...|....-...|.-|--- | # |.{..-|--.----|....| ..|........| --.------ |..........-..|+--.-----..----- | |.......| |....-|--..|..| |........-.%.| | |.......| |.-|-|..|.----| |-|--....|..%|.| |..^....| |.|..|..|.|.)?|--|...|---.-----.| |.......| ##|.|..|---.-.%?|..|...| +.......| |.....>.-######..|..|..a.|.]/|..|...| |.......| --------- #|.----....-----|---------.....{.| |.G..G.f..@Y...G.......@@@......| --------------------------------- Zazza the Fighter Experience level: 6 Strength: 14 Dexterity: 12 Constitution: 16 Intelligence: 7 Wisdom: 9 Charisma: 11 Health: 0(59) Energy: 7(7) Def: 12 Gold: 484 Moves: 4302 Dungeon seed: j3wxU7b5SlJp_J7s Game ID: Zazza_1527366051 Your Inventory: Coins $ - 484 gold pieces Weapons a - a +1 long sword b - a +0 dagger g - 2 +0 orcish daggers n - a +0 flail o - 7 blessed +1 crossbow bolts L - a blessed +0 dart M - a cursed +0 dart O - 12 +0 darts Q - a cursed -1 dart Armor e - an uncursed +3 small shield (being worn) q - an uncursed +0 orcish helm (being worn) z - an uncursed +0 plate mail (being worn) Potions h - an uncursed potion of oil i - a cursed potion of monster detection v - an uncursed potion of invisibility x - an uncursed potion of enlightenment Rings r - an uncursed ring of hunger Wands A - a wand of lightning (0:4) Tools f - a +0 pick-axe B - an uncursed blindfold H - an uncursed towel K - an uncursed skeleton key S - an uncursed leash Gems y - 2 uncursed worthless pieces of white glass C - 2 uncursed worthless pieces of black glass E - 3 uncursed worthless pieces of green glass F - 2 uncursed worthless pieces of orange glass I - an uncursed jasper stone N - 2 uncursed opals R - an uncursed worthless piece of yellowish brown glass U - an uncursed garnet stone Y - an uncursed worthless piece of violet glass Spells and supernatural/magical abilities: Name Level Category Fail Memory W - pray for help -- divine ? -- Your skills at the end: Fighting Skills Weapon Skills dagger [Basic] long sword [Basic] Spellcasting Skills Final Attributes: You were piously aligned. You were cold resistant. You were poison resistant. You were telepathic. You had infravision. You were stealthy. You are dead. Vanquished creatures: a quivering blob a rock mole a yellow light a violet fungus a black naga hatchling a ghoul a floating eye a kitten a dwarf a homunculus 2 dwarf zombies 2 iguanas 5 killer bees 2 acid blobs 4 giant rats a green mold a gnome zombie 5 geckos 7 jackals 3 foxes a kobold 2 goblins 3 sewer rats 2 grid bugs 3 bats 5 lichens 4 kobold zombies 7 newts 69 creatures vanquished. Voluntary challenges: You used a wielded weapon 78 times, starting on turn 24. You read items or engraved 1 time, starting on turn 4300. You never genocided any monsters. You never polymorphed an object. You never changed form. You used no wishes. You never split a pudding. You never wrote Elbereth's name. You violated your moral code, losing 1 point of alignment, starting on turn 3275. Dungeon overview: The Dungeons of Doom: levels 1 to 3 Level 1 an altar to Odin, some fountains a long staircase Level 2 a general store Level 3 stairs to The Gnomish Mines The Gnomish Mines: levels 4 to 8 Level 4 stairs to The Dungeons of Doom Level 5 Level 6 Level 7 <- You were here some shops, a temple to Tyr, some fountains Level 8 History has recorded: On T:1 you entered the Dungeons of Doom to retrieve the Amulet of Yendor! On T:288 you advanced to experience level 2. On T:761 you advanced to experience level 3. On T:801 you reached level 2 of The Dungeons of Doom. On T:919 you reached level 3 of The Dungeons of Doom. On T:1580 you advanced to experience level 4. On T:2125 you reached level 1 of The Gnomish Mines. On T:2707 you reached level 2 of The Gnomish Mines. On T:3275 you advanced to experience level 5. On T:3297 you reached level 3 of The Gnomish Mines. On T:3490 you reached level 4 of The Gnomish Mines. On T:4009 you advanced to experience level 6. On T:4213 you reached level 5 of The Gnomish Mines. Score breakdown: Gold: 484 ( 9135 points) Experience: 6 levels (12456 points) Exploration: 8 levels ( 17.39%) (11832 points) Discoveries: 4 items ( 1.63%) ( 3825 points) Valuables value: (no points given unless you survive) Artifact value: 0 ( 0 points) Variety of kills: 28 monsters ( 7.35%) ( 8132 points) Turncount: 4302 turns (-1132 points) Survival: died (score multiplied by 80%) Total score: 35398 Latest messages: The ape bites! You miss the ape. The ape hits! (2x) The ape bites! The housecat misses the giant beetle. The ape misses. The ape hits! The ape just misses! The housecat misses the giant beetle. As you read the scroll, it disappears. Who was that Maud person anyway? The ape misses. (3x) The giant beetle bites the housecat. You hear bubbling water. You hit the ape. The ape hits! The ape misses. (2x) You hit the ape. The ape hits! (2x) The ape bites! You die... Final status: Farvel Zazza the Valkyrie, killed by an ape... You died in The Gnomish Mines on dungeon level 7 with 35398 points, and 484 pieces of gold, after 4302 moves. You were level 6 with a maximum of 59 hit points when you died.